Unix NetHack Version 5.0.0-0 post-release - last build May  4 2026 22:22:43 (774f63e81ad911689b3a0859ea89b322d5daca8d,branch:main).

Game began 2026-05-05 18:35:26, ended 2026-05-05 20:13:21.

Eymerich, chaotic male elven Priest

 ----------                                    |`....
 |........|       --------------              #-....|
 |........|       |............|            ###|....|
 |.........#      |.............#           #    ...|
 |......<.|#      |..........{.|#           #    --.-
 ----------#      |............|#           #      #
           ##     |............|###         #      #
            #     -|------------  #        ##      #
            #      #              #  ------#       #
            #    ###              ## |..{.|#   ----.-
            #    #                 # |....|#   |....|
            #    #                 # |....|#   |....|
            #  --.------------     ##.....|#   |....|       |.
            #  |.............|       |....-#   |...)-#######v.
            ###|.............|       |....|    |....|       |.
              #-.............|       ------    ------
               ---------------

Eymerich the Adept           St:25 Dx:16 Co:16 In:7 Wi:18 Ch:11  Chaotic
Dlvl:11 $:419 HP:0(43) Pw:65(108) AC:4  Xp:7 T:6446  Satiated

Latest messages:
 Z - an elven dagger.
 You see here an elven dagger.
 Z - an elven dagger (2 in total).
 You see here a blessed dart.
 Y - a blessed dart.
 You see here a poisoned crude arrow.
 U - a poisoned crude arrow.
 You see here a poisoned crude arrow.
 U - a poisoned crude arrow (2 in total).
 You see here a poisoned crude arrow.
 U - a poisoned crude arrow (3 in total).
 You hit the ice vortex!
 The ice vortex engulfs you!
 You are freezing to death!
 You hit the ice vortex.
 You are freezing to death!
 You hit the ice vortex.
 You are freezing to death!
 You destroy the ice vortex!
 You see here a blue gem.
 R - a blue gem.
 What do you want to write with? [- agm-oqwzCDQRUX-Z or ?*]
 You write in the dust with a blue gem.
 Never mind.
 #
 What do you want to name? [a-zA-Z or ?*]
 You see here a blessed scroll labeled KO BATE.
 Your knapsack cannot accommodate any more items.
 What do you want to drop? [$a-zA-Z or ?*]
 You drop a blessed dart.
 Y - a blessed scroll labeled KO BATE.
 You see here 67 gold pieces.
 $ - 67 gold pieces (419 in total).
 You see here a blessed dart.
 The door opens.
 The door opens.
 The energy vortex engulfs you!
 The air around you crackles with electricity.
 You feel your magical energy drain away.
 You hit the energy vortex.
 You are jolted with electricity!
 You feel your magical energy drain away.
 You hit the energy vortex.
 You feel your magical energy drain away.
 You feel your magical energy drain away.
 You hit the energy vortex.
 You are jolted with electricity!
 You die...
 Do you want your possessions identified? [ynq] (y)
 Do you want to see your attributes? [ynq] (y)

Inventory:
 Coins    ('$')
  $ - 419 gold pieces
 Weapons  (')')
  g - 47 blessed +1 arrows
  U - 3 poisoned +0 orcish arrows
  X - a +0 orcish bow (alternate weapon; not wielded)
  C - 3 +0 darts (at the ready)
  Z - 2 +0 elven daggers
  a - a blessed rusty +1 mace (weapon in right hand)
 Armor    ('[')
  y - a blessed +0 orcish helm (being worn)
  S - a +0 pair of gauntlets of power (being worn)
  B - a +0 pair of speed boots (being worn)
  V - a +0 cloak of protection (being worn)
  b - a +0 robe
 Comestibles  ('%')
  H - 2 slime molds
  I - an apple
  e - a clove of garlic
  p - 2 food rations
  t - 2 food rations
  K - a food ration
  J - a fortune cookie
  f - a sprig of wolfsbane
 Scrolls  ('?')
  u - a scroll of amnesia
  j - 2 scrolls of confuse monster
  k - a blessed scroll of create monster
  T - a scroll of create monster
  F - a blessed scroll of enchant weapon
  Y - a blessed scroll of light
  v - a scroll of light
  l - a scroll of scare monster
  A - a scroll of scare monster
 Potions  ('!')
  r - a potion of gain ability
  W - a blessed potion of gain energy
  M - 2 potions of gain energy
  E - 3 potions of healing
  P - a potion of invisibility
  c - a blessed potion of monster detection
  N - a potion of paralysis
  h - a potion of sleeping
  x - 2 blessed potions of speed
  d - 4 potions of holy water
  O - 2 potions of unholy water
 Rings    ('=')
  Q - a ring of searching
  z - a ring of see invisible
  D - a ring of stealth
 Wands    ('/')
  m - a wand of light (0:11)
  w - a wand of striking (0:3)
 Tools    ('(')
  i - a bugle
  L - a blindfold
  s - a skeleton key
  G - a skeleton key
 Gems/Stones  ('*')
  n - an agate stone named valuable
  R - a worthless piece of blue glass named soft
  o - a worthless piece of green glass named soft
  q - a worthless piece of yellow glass

Eymerich the Priest's attributes:

Background:
 You were an Adept, a level 7 elven Priest.
 You were chaotic, on a mission for Susanowo
 who was opposed by Amaterasu Omikami (lawful) and Raijin (neutral).
 You were right-handed.
 You were in the Dungeons of Doom, on level 11.
 You entered the dungeon 6446 turns ago.
 You had 1186 experience points, 94 more were needed to attain level 8.

Basics:
 You had 0 out of 43 hit points.
 You had 65 out of 108 energy points (spell power).
 Your armor class was 4.
 Your wallet contained 419 zorkmids.
 Autopickup was off.

Final Characteristics:
 Your strength was 25 (base:12, innate limit:18).
 Your dexterity was 16 (limit:18).
 Your constitution was 16 (limit:16).
 Your intelligence was 7 (limit:20).
 Your wisdom was 18 (peak:20, limit:20).
 Your charisma was 11 (limit:18).

Final Status:
 You were engulfed by the energy vortex.
 You were satiated.
 You were unencumbered.
 You were wielding a mace.
 You had basic skill with mace and could have enhanced that.

Final Attributes:
 You were piously aligned.
 You were fire resistant.
 You were sleep resistant.
 You were telepathic.
 You had infravision.
 You were protected.
 You were very fast.
 Susanowo was angry with you.
 You are dead.

Miscellaneous:
 You didn't encounter any bones levels.
 Total elapsed playing time was 1 hour, 37 minutes and 52 seconds.

Major events:
 Turn
    1: Eymerich the chaotic elven Priest entered the dungeon
  959: attained the rank of Acolyte (level 3)
 3783: entered the Gnomish Mines
 4473: attained the rank of Adept (level 6)
 5859: entered Sokoban
 6446: killed by an energy vortex

Spells:
 Name                 Level Category     Fail Retention
 detect monsters        1   divination    58%   51%-75%
 remove curse           3   clerical      17%   61%-70%
 healing                1   healing       40%  76%-100%

Skills:
 Fighting Skills
   bare handed combat [Unskilled]
 Weapon Skills
   club               [Unskilled]
   mace               [Basic]
   morning star       [Unskilled]
   flail              [Unskilled]
   hammer             [Unskilled]
   quarterstaff       [Unskilled]
   polearms           [Unskilled]
   spear              [Unskilled]
   trident            [Unskilled]
   lance              [Unskilled]
   bow                [Unskilled]
   sling              [Unskilled]
   crossbow           [Unskilled]
   dart               [Unskilled]
   shuriken           [Unskilled]
   boomerang          [Unskilled]
   unicorn horn       [Unskilled]
 Spellcasting Skills
   healing spells     [Unskilled]
   divination spells  [Unskilled]
   clerical spells    [Basic]

Voluntary challenges:
 Character rerolling was not enabled.
 You never genocided any monsters.
 You never polymorphed an object.
 You never changed form.
 You used no wishes.
 You did not violate any of the special Sokoban rules.
Achievements:
 You attained the rank of Acolyte.
 You entered a shop.
 You entered the Gnomish Mines.
 You attained the rank of Adept.
 You entered Sokoban.

 The Dungeons of Doom: levels 1 to 11
    Level 1:
    Level 2: "box 2 items"
       A ring shop.
       Stairs down to The Gnomish Mines.
    Level 3:
    Level 4: "vault"
       An armor shop.
    Level 5:
       A general store, a fountain.
    Level 6:
       Some fountains.
    Level 7: "vault"
       A general store, a fountain.
    Level 8:
       Many fountains.
    Level 9:
       Some fountains.
       Stairs up to Sokoban, level 8.
    Level 10:
       A fountain.
    Level 11: "vault" <- You were here.
       Some fountains.
       Final resting place for
          you, killed by an energy vortex.
 The Gnomish Mines:
    Level 3:
 Sokoban:
    Level 8:
       Unsolved.


Vanquished creatures:
  2 small mimics
  a quantum mechanic
  a gelatinous cube
  2 wraiths
  a wolf
 an ice vortex
  a housecat
  a human zombie
  5 Mordor orcs
  4 Uruk-hai
  a rock piercer
  a fog cloud
  2 yellow lights
  a shrieker
  2 gnome leaders
  a kobold mummy
  a gray ooze
 an elf zombie
  a ghoul
  a straw golem
  2 paper golems
  2 little dogs
  2 floating eyes
  a kobold shaman
  4 hill orcs
  3 rothes
  a rabid rat
  a centipede
  2 giant bats
  2 dwarf zombies
  a wererat
  a werejackal
  3 iguanas
  2 acid blobs
  a gas spore
  5 hobbits
  3 large kobolds
  3 hobgoblins
  2 giant rats
  2 cave spiders
  a yellow mold
  5 gnomes
  2 garter snakes
  5 geckos
 14 jackals
  a fox
  a kobold
  3 goblins
  3 sewer rats
  6 grid bugs
  a bat
  3 lichens
  9 newts
128 creatures vanquished.

No species were genocided or became extinct.

Game over:
                       ----------
                      /          \
                     /    REST    \
                    /      IN      \
                   /     PEACE      \
                  /                  \
                  |     Eymerich     |
                  |      419 Au      |
                  |   killed by an   |
                  |  energy vortex   |
                  |                  |
                  |                  |
                  |       2026       |
                 *|     *  *  *      | *
        _________)/\\_//(\/(/\)/\//\/|_)_______

Goodbye Eymerich the Priest...

You died in The Dungeons of Doom on dungeon level 11 with 5956 points,
and 419 pieces of gold, after 6446 moves.
You were level 7 with a maximum of 43 hit points when you died.

